[Event "CSS Freestyle 8th Final"]
[Site "playchess.com"]
[Date "2008.04.25"]
[Round "1"]
[White "Moro Gamgee"]
[Black "Snuggles"]
[Result "1/2-1/2"]
[ECO "D44"]
[WhiteElo "2478"]
[BlackElo "2540"]
[PlyCount "59"]
[EventDate "2008.04.25"]
[TimeControl "3600+15"]

1. d4 {18} d5 {5} 2. c4 {6} c6 {6} 3. Nf3 {9} Nf6 {4} 4. Nc3 {7} e6 {4} 5. Bg5
{6} dxc4 {16} 6. e4 {18} b5 {3} 7. e5 {6} h6 {3} 8. Bh4 {6} g5 {2} 9. Nxg5 {5}
hxg5 {0} 10. Bxg5 {4} Nbd7 {4} 11. g3 {228} Bb7 {4} 12. Bg2 {29} Qb6 {9} 13.
exf6 {7} O-O-O {10} 14. O-O {6} c5 {10} 15. d5 {5} b4 {9} 16. Na4 {27} Qb5 {6}
17. a3 {7} exd5 {4} 18. axb4 {42} cxb4 {0} 19. Re1 {353} d4 {668} 20. Qxd4 {4}
Bxg2 {6} 21. Kxg2 {10} Qxg5 {5} 22. Qxc4+ {34} Kb8 {5} 23. Rac1 {614} Bd6 {31}
24. Qc6 {3} Qd2 {33} 25. Kg1 {426} Rxh2 {16} 26. Re2 {11} Qd3 {5} 27. Re3 {14}
Qd2 {5} 28. Re2 {19} Qd3 {3} 29. Re3 {7} Qd2 {3} 30. Re2 {
(Lag: Av=0.54s, max=6.2s) 4} 1/2-1/2

[Event "CSS Freestyle 8th Final"]
[Site "playchess.com"]
[Date "2008.04.25"]
[Round "2"]
[White "Ultima"]
[Black "Regina H-Milch"]
[Result "1/2-1/2"]
[ECO "B90"]
[WhiteElo "1756"]
[BlackElo "1738"]
[PlyCount "127"]
[EventDate "2008.04.25"]
[TimeControl "3600+15"]

1. e4 {2} c5 {23} 2. Nf3 {12} d6 {54} 3. d4 {2} cxd4 {1} 4. Nxd4 {0} Nf6 {43}
5. Nc3 {2} a6 {51} 6. Be3 {2} e5 {72} 7. Nb3 {4} Be6 {21} 8. f3 {8} Be7 {15} 9.
Qd2 {15} O-O {121} 10. O-O-O {7} Nbd7 {25} 11. g4 {4} b5 {33} 12. g5 {15} b4 {
83} 13. Ne2 {7} Ne8 {27} 14. f4 {2} a5 {62} 15. f5 {8} a4 {68} 16. Nbd4 {10}
exd4 {103} 17. Nxd4 {0} b3 {34} 18. Kb1 {1} bxc2+ {77} 19. Nxc2 {0} Bb3 {57}
20. axb3 {0} axb3 {2} 21. Na3 {1} Ne5 {87} 22. Qg2 {36} Qb8 {180} 23. Bf4 {7}
Ra4 {858} 24. f6 {10} Bd8 {78} 25. Bxe5 {2} dxe5 {11} 26. Bb5 {2} Rd4 {106} 27.
Bc4 {140} Nd6 {40} 28. Bd5 {7} Qa7 {85} 29. fxg7 {40} Kxg7 {41} 30. Qg3 {3} Qe7
{367} 31. Qf3 {366} Bb6 {124} 32. h4 {336} Bc5 {19} 33. Rxd4 {58} exd4 {89} 34.
Nc4 {570} Nxc4 {42} 35. Bxc4 {13} Qe5 {57} 36. Bxb3 {10} f5 {189} 37. exf5 {226
} Qxf5+ {33} 38. Qxf5 {8} Rxf5 {2} 39. Bc4 {1} Rf3 {98} 40. Bd5 {90} Rf8 {144}
41. Be4 {457} Be7 {187} 42. Re1 {155} Rf4 {147} 43. Bd3 {10} Kf8 {98} 44. Rh1 {
12} Kg7 {14} 45. Kc2 {104} Rf3 {88} 46. Ra1 {. 166} Rh3 {29} 47. Ra7 {140} Kf8
{8} 48. Ra8+ {5} Kg7 {10} 49. Bc4 {884} d3+ {44} 50. Kc3 {4} d2+ {42} 51. Kxd2
{16} Bf8 {15} 52. Ra7+ {21} Kh8 {13} 53. Rf7 {217} Bb4+ {9} 54. Kc2 {8} Rxh4 {
11} 55. Rc7 {18} Rf4 {18} 56. Be6 {40} Bd6 {25} 57. Rd7 {13} Rf2+ {20} 58. Kd3
{7} Bf8 {19} 59. Rb7 {16} Rg2 {11} 60. b4 {19} Rxg5 {12} 61. b5 {5} Re5 {14}
62. Bf7 {39} Bc5 {10} 63. Kc4 {13} h5 {16} 64. Rc7 {
Ultima offre la patta (Lag: Av=0.28s, max=1.3s) 17} 1/2-1/2

[Event "CSS Freestyle 8th Final"]
[Site "playchess.com"]
[Date "2008.04.26"]
[Round "5"]
[White "Moro Gamgee"]
[Black "Ultima"]
[Result "1/2-1/2"]
[ECO "D44"]
[WhiteElo "2484"]
[BlackElo "2609"]
[PlyCount "75"]
[EventDate "2008.04.25"]
[TimeControl "3600+15"]

1. Nf3 {14} d5 {9} 2. d4 {6} Nf6 {3} 3. c4 {7} c6 {6} 4. Nc3 {6} e6 {8} 5. Bg5
{6} dxc4 {10} 6. e4 {7} b5 {3} 7. e5 {5} h6 {3} 8. Bh4 {5} g5 {4} 9. Nxg5 {5}
hxg5 {0} 10. Bxg5 {4} Nbd7 {2} 11. g3 {16} Bb7 {6} 12. Bg2 {8} Qb6 {5} 13. exf6
{6} O-O-O {4} 14. O-O {5} c5 {1} 15. d5 {5} b4 {1} 16. Na4 {5} Qb5 {4} 17. a3 {
5} Nb8 {7} 18. axb4 {6} cxb4 {12} 19. Qd4 {14} Nc6 {7} 20. dxc6 {6} Rxd4 {0}
21. cxb7+ {4} Kb8 {1} 22. Be3 {4} e5 {5} 23. Rfe1 {3} Bc5 {221} 24. Bf1 {4} Bd6
{231} 25. b3 {10} Qxb7 {119} 26. bxc4 {3} b3 {1330} 27. Bxd4 {336} exd4 {10}
28. c5 {2} Bc7 {26} 29. Nb2 {3} a5 {217} 30. Nd3 {42} Kc8 {194} 31. Ra3 {433}
Qd5 {412} 32. Rb1 {3} Rh6 {258} 33. Raxb3 {716} Rxf6 {7} 34. Bg2 {208} Qf5 {85}
35. R1b2 {5} Re6 {111} 36. Rd2 {124} Re7 {81} 37. Rbb2 {491} f6 {175} 38. Ra2 {
Moro Gamgee offers a draw (Lag: Av=0.21s, max=0.8s) 193} 1/2-1/2